 Dungeon Crawl Stone Soup version 0.25.0-9-g26727b657a (webtiles) character file.

Game seed: 15616482080645671950

282 mopl the Conjurer (level 6, -8/44 HPs)
             Began as a Naga Conjurer on June 18, 2020.
             Killed from afar by Ijyb (16 damage)
             ... with a bolt of acid
             ... on level 5 of the Dungeon.
             The game lasted 00:08:51 (3486 turns).

mopl the Conjurer (Naga Conjurer)                   Turns: 3486, Time: 00:08:52

Health: -8/44      AC:  5    Str: 11    XL:     6   Next: 28%
Magic:  3/12       EV: 10    Int: 17    God:
Gold:   251        SH:  0    Dex: 11    Spells: 2/13 levels left

rFire    + . .     SeeInvis +   e - +0 spear
rCold    . . .     Gourm    .   (no shield)
rNeg     . . .     Faith    .   z - +1 robe {rF+}
rPois    +         Spirit   .   m - +0 helmet
rElec    .         Reflect  .   (no cloak)
rCorr    .         Harm     .   (no gloves)
MR       .....                  (no barding)
Stlth    ++........             (no amulet)
HPRegen  0.14/turn              x - +4 ring of protection
MPRegen  0.13/turn              (no ring)

@: corroded, very slow
A: large, reduced essence, see invisible, deformed body, poison resistance,
slowness 2, slow metabolism 1, spit poison 1, AC +2
a: Spit Poison


You were on level 5 of the Dungeon.
You were not hungry.

You visited 1 branch of the dungeon, and saw 5 of its levels.

You collected 251 gold pieces.

Inventory:

Hand Weapons
 e - a +0 spear (weapon)
 s - a +1 dagger of holy wrath
Armour
 m - a +0 helmet (worn)
 u - the +0 helmet "Toqyixt" {*Contam rCorr Dex+2}
   (You took it off Robin on level 2 of the Dungeon)

   It affects your dexterity (+2).
   It causes magical contamination when unequipped.
   It provides partial protection from all sources of acid and corrosion.
 z - a +1 robe of fire resistance (worn)
Jewellery
 t - an uncursed ring of ice
 x - a +4 ring of protection (left hand)
 B - the ring of the Prince {rElec rF+ MR+ EV-4}
   (You found it on level 4 of the Dungeon)

   [ring of evasion]

   It affects your evasion (-4).
   It protects you from fire.
   It insulates you from electricity.
   It affects your resistance to hostile enchantments.
Scrolls
 b - a scroll of teleportation
 d - a scroll of magic mapping {unknown}
 f - a scroll of noise {unknown}
 g - 2 scrolls of immolation
 k - 2 scrolls of remove curse
 n - 2 scrolls of fear {unknown}
 o - 2 scrolls of random uselessness {unknown}
 p - 4 scrolls of amnesia {unknown}
 w - a scroll of fog {unknown}
 y - a scroll of enchant armour
Potions
 h - 3 potions of stabbing {unknown}
 i - 2 potions of curing
 j - 3 potions of haste
 l - a potion of mutation
 q - a potion of might
 r - 2 potions of flight {unknown}
 v - a potion of invisibility {unknown}
 A - a potion of brilliance
Comestibles
 a - a chunk of flesh
 c - 7 rations


   Skills:
 - Level 1.5 Dodging
 - Level 3.0 Stealth
 * Level 4.1 Spellcasting
 * Level 5.6 Conjurations
 + Level 1.6 Hexes
 + Level 0.4 Translocations


You had 2 spell levels left.
You knew the following spells:

 Your Spells              Type           Power        Failure   Level  Hunger
a - Magic Dart            Conj           ###.         1%          1    None
b - Searing Ray           Conj           ###...       2%          2    ##.....
c - Fulminant Prism       Conj/Hex       ###.......   34%         4    ####...
d - Iskenderun's Mystic   Conj/Tloc      ##......     41%         4    ####...

Your spell library contained the following spells:

 Spells                   Type           Power        Failure   Level  Hunger
 Beastly Appendage        Tmut           #.....       16%         1    None
 Sticks to Snakes         Tmut           #.......     24%         2    ##.....
 Dazzling Flash           Conj/Hex       ###...       11%         3    ###....
 Spider Form              Tmut/Pois      #.........   43%         3    ###....
 Ice Form                 Ice/Tmut       #.......     83%         4    ####...
 Blade Hands              Tmut           #.........   99%         5    ######.


Dungeon Overview and Level Annotations

Branches:
Dungeon (5/15)
 Temple: D:4-7

Altars:
Hepliaklqana

Annotations:
D:4 2 runed translucent doors, Skimidon's ghost, amateur GnMo
D:5 Ijyb


Innate Abilities, Weirdness & Mutations

You cannot wear boots.
Your serpentine skin is tough. (AC +2)
You have supernaturally acute eyesight. (SInv)
Armour fits poorly on your strangely shaped body.
Your system is resistant to poisons. (rPois)
You cover ground very slowly.
You have a slow metabolism.
You can spit poison.
Your life essence is reduced to manifest your ancestor. (-10% HP)


Message History

Aim: Ijyb, wielding a +4 club, wearing a +0 ring mail and carrying a wand of acid (6) (severely wounded)
The searing ray hits Ijyb but does no damage.
Ijyb is severely wounded. (Press . to maintain the ray.) Ijyb barely misses you.
The frilled lizard closely misses you.
The searing ray hits Ijyb!
Ijyb is almost dead.
You have got your breath back.
Ijyb screams, "Get away!"
Ijyb zaps a wand.
The bolt of acid hits you!! The acid corrodes you!
You are splashed with acid!
* * * LOW HITPOINT WARNING * * *
The bolt of acid hits the frilled lizard!
The frilled lizard is splashed with acid.
The frilled lizard dies!
The searing ray misses Ijyb.
Ijyb hits you with a +4 club.
* * * LOW HITPOINT WARNING * * *
The searing ray misses Ijyb.
You finish channeling your searing ray.
Ijyb zaps a wand.
The bolt of acid hits you!
You die...

#)##. #.##.
##############.##.
..............>##.
#...........#####.
#.#########...<.#.
#.# ###########. #g#
#...........
###@#####.##########
#.........#
#...####### ........
#+##.... .......
........ .........#
.......


You could see Ijyb.

Vanquished Creatures
  An orc priest (D:3)
  A centaur skeleton (D:4)
  4 orc wizards
  Natasha (thrice) (D:2)
  A worker ant (D:4)
  Robin (D:2)
  11 gnolls
  8 adders
  An ooze (D:4)
  3 worms
  3 dart slugs
  3 leopard geckos (D:3)
  6 orcs
  4 giant cockroaches
  15 goblins
  6 hobgoblins
  3 jackals (D:4)
  5 kobolds
  4 quokkas
  A ball python (D:3)
  6 bats
  3 frilled lizards
  12 rats
105 creatures vanquished.

Vanquished Creatures (others)
  A frilled lizard (D:5)
1 creature vanquished.

Grand Total: 106 creatures vanquished

Notes
Turn   | Place    | Note
-------+----------+-------------------------------------------
     0 | D:1      | mopl the Naga Conjurer began the quest for the Orb.
     0 | D:1      | Reached XP level 1. HP: 15/15 MP: 3/3
   297 | D:1      | Reached XP level 2. HP: 20/22 MP: 5/5
   307 | D:1      | Learned a level 2 spell: Searing Ray
   790 | D:2      | Reached XP level 3. HP: 28/28 MP: 6/6
   882 | D:2      | Noticed Natasha
   886 | D:2      | Killed Natasha
   886 | D:2      | Reached XP level 4. HP: 36/36 MP: 5/8
   958 | D:2      | Learned a level 4 spell: Fulminant Prism
   974 | D:2      | Noticed Natasha
   980 | D:2      | Killed Natasha
  1169 | D:2      | Reached skill level 5 in Conjurations
  1301 | D:2      | Reached XP level 5. HP: 39/42 MP: 7/10
  1304 | D:2      | Identified the +0 helmet "Toqyixt" {*Contam rCorr Dex+2}
  1304 | D:2      | Noticed Robin
  1317 | D:2      | Killed Robin
  1624 | D:2      | Reached skill level 1 in Hexes
  1673 | D:2      | Noticed Natasha
  1682 | D:2      | Killed Natasha
  1824 | D:3      | Found a hazy altar of Hepliaklqana.
  1847 | D:3      | Learned a level 4 spell: Iskenderun's Mystic Blast
  1863 | D:3      | Reached XP level 6. HP: 31/49 MP: 9/12
  1962 | D:3      | Became a worshipper of Hepliaklqana the Forgotten
  1963 | D:3      | Fell from the grace of Hepliaklqana
  3091 | D:4      | Got a bound tin ring
  3092 | D:4      | Identified the cursed ring of the Prince {rElec rF+ MR+
                  | EV-4} (You found it on level 4 of the Dungeon)
  3319 | D:4      | Found a large runed translucent door.
  3319 | D:4      | Found a large runed translucent door.
  3320 | D:4      | Noticed Skimidon's ghost (amateur GnMo)
  3406 | D:5      | Entered Level 5 of the Dungeon
  3476 | D:5      | Noticed Ijyb
  3486 | D:5      | Killed from afar by Ijyb

Illustrated notes

Levels and vault maps discovered:
D:1:      dpeg_arrival_triangle_fractal, layout_loops_ring
D:2:      layout_loops_ring, kennysheep_generic_room_6, uniq_robin, uniq_natasha
D:3:      layout_loops_ring, old_standard_altar, minivault_27
D:4:      layout_cave_pools, ebering_ghost_disaster_area
D:5:      layout_basic, serial_shops, shop, enter_ossuary_4, first_ration,
          uniq_ijyb

Skill      XL: |  1  2  3  4  5 |
---------------+----------------+-----
Spellcasting   | 3 4 |  4.1
Conjurations   | 5 |  5.6
Hexes          | 1 |  1.6
Dodging        | |  1.5
Stealth        | |  3.0
Translocations | |  0.4

Action                   |  1- 3 |  4- 6 || total
-------------------------+-------+-------++-------
Melee: Spear             |    35 |   123 ||   158
 Cast: Magic Dart        |     7 |    11 ||    18
       Searing Ray       |       |    32 ||    32
Invok: Renounce Religion |       |     1 ||     1
 Abil: Spit Poison       |    13 |    25 ||    38
  Use: Scroll            |     4 |     5 ||     9
       Potion            |       |     1 ||     1
 Stab: Sleeping          |     2 |     6 ||     8
  Eat: Chunk             |       |    10 ||    10
Armor: Robe              |     9 |    46 ||    55
Dodge: Dodged            |    18 |    73 ||    91
